 Dungeon Crawl Stone Soup version 0.29-a0-2-g12fcac58f8 (webtiles) character file.

Game seed: 10059341394317162540

31096 HallandMoats the Grappler (level 13, -11/119 HPs)
             Began as a Ghoul Monk on Jan 26, 2022.
             Was the Champion of Okawaru.
             Killed from afar by a deep elf pyromancer (12 damage)
             ... with a bolt of fire
             ... on level 13 of the Dungeon.
             The game lasted 00:25:37 (17773 turns).

HallandMoats the Grappler (Ghoul Monk)             Turns: 17773, Time: 00:25:40

Health: -11/119    AC: 24    Str: 20    XL:     13   Next: 55%
Magic:  0/28       EV: 12    Int:  5    God:    Okawaru [******]
Gold:   865        SH:  0    Dex: 17    Spells: 12/12 levels left

rFire   . . .      SeeInvis .     - Unarmed
rCold   + . .      Faith    .   (no shield)
rNeg    + + +      Spirit   +   K - +6 chain mail "Zalyemi" {Slay+3}
rPois   ∞          Reflect  .   i - +2 helmet
rElec   .          Harm     .   a - +1 cloak
rCorr   .          Rampage  .   (no gloves)
Will    .....                   u - +1 pair of boots {Fly}
Stlth   ..........              f - amulet of guardian spirit
HPRegen 0.00/turn               p - +6 ring of dexterity
MPRegen 0.21/turn               J - ring of magical power

@: flying, inhibited regen
A: claws 1, cold resistance 1, negative energy resistance 3, inhibited
regeneration, torment resistance 2
a: Renounce Religion, Heroism, Finesse, Duel


You were on level 13 of the Dungeon.
You worshipped Okawaru.
Okawaru was exalted by your worship.
You visited 2 branches of the dungeon, and saw 14 of its levels.
You also visited: Ice Cave.

You collected 865 gold pieces.

Inventory:

Missiles
 v - 3 throwing nets (quivered)
Armour
 a - a +1 cloak (worn)
 i - a +2 helmet (worn)
 u - a +1 pair of boots of flying (worn)
 K - the +6 chain mail "Zalyemi" (worn) {Slay+3}
   (Okawaru gifted it to you on level 9 of the Dungeon)

   Slay:      It affects your accuracy & damage with ranged weapons and melee
   (+3).
Jewellery
 b - an amulet of reflection
 f - an amulet of guardian spirit (around neck)
 p - a +6 ring of dexterity (left claw)
 E - a ring of wizardry
 J - a ring of magical power (right claw)
Wands
 y - a wand of paralysis (14)
 C - a wand of polymorph (10)
 F - a wand of mindburst (5)
 H - a wand of flame (14)
 L - a wand of digging (2)
Scrolls
 e - 7 scrolls of teleportation
 m - 2 scrolls of silence
 o - a scroll of blinking
 r - 2 scrolls of immolation
 t - a scroll of amnesia
 A - 3 scrolls of fog
 B - a scroll of torment
 D - a scroll of enchant armour
Potions
 c - a potion of mutation {unknown}
 d - a potion of haste
 g - 2 potions of might
 h - 3 potions of lignification {unknown}
 j - 5 potions of magic {unknown}
 k - 5 potions of brilliance {unknown}
 l - a potion of cancellation
 n - a potion of ambrosia {unknown}
 q - a potion of experience {unknown}
 s - 4 potions of heal wounds
 z - a potion of resistance {unknown}
 G - 2 potions of curing {unknown}
 I - a potion of berserk rage {unknown}
 M - 2 potions of invisibility {unknown}


   Skills:
 * Level 12.8 Fighting
 + Level 7.9 Armour
 + Level 8.5 Dodging
 - Level 2.1 Stealth
 - Level 5.9 Shields
 * Level 12.9 Unarmed Combat
 + Level 9.5 Invocations


You had 12 spell levels left.
You didn't know any spells.
Your spell library contained the following spells:

 Spells                   Type           Power      Damage    Failure   Level
 Slow                     Hex            0%         N/A       99%         1
 Confusing Touch          Hex            0%         N/A       100%        3
 Gell's Gravitas          Tloc           0%         N/A       100%        3
 Lesser Beckoning         Tloc           0%         N/A       100%        3
 Portal Projectile        Hex/Tloc       0%         N/A       100%        3
 Teleport Other           Tloc           0%         N/A       100%        3
 Vampiric Draining        Necr           0%         2d6       100%        3
 Hailstorm                Conj/Ice       0%         3d3       100%        4
 Leda's Liquefaction      Hex/Erth       0%         N/A       100%        4
 Call Canine Familiar     Summ           Unusable   N/A       N/A         3
 Ice Form                 Ice/Tmut       Unusable   N/A       N/A         4
 Simulacrum               Ice/Necr       Unusable   N/A       N/A         6

Dungeon Overview and Level Annotations

Branches:
Dungeon (13/15)            Temple (1/1) D:6            Lair (0/6) D:11
    Orc (0/2) D:12          IceCv (visited)
 Vaults: D:13-14

Altars:
Ashenzari
Cheibriados
Dithmenos
Elyvilon
Fedhas
Gozag
Hepliaklqana
Kikubaaqudgha
Makhleb
Nemelex Xobeh
Okawaru
Qazlal
Ru
Sif Muna
Trog
Uskayaw
Vehumet
Wu Jian
Xom
Yredelemnul
Zin
The Shining One
Beogh

Shops:
D:3 [   D:4 =

Annotations:
D:3 3 runed translucent doors, porpoise's ghost, amateur DsTm
D:4 Pikel


Innate Abilities, Weirdness & Mutations

You thrive by killing the living.
You are immune to poison.
You have sharp fingernails.
Your flesh is cold resistant. (rC+)
You are immune to negative energy. (rN+++)
You do not regenerate when monsters are visible.
You are immune to unholy pain and torment.


Message History

The fire elemental hits you. The fire elemental burns you!
The fire elemental barely misses you.
Unknown command.
Unknown command.
The fire elemental closely misses you.
Unknown command.
The fire elemental barely misses you. The fire elemental closely misses you.
The fire elemental barely misses you.
The fire elemental disappears in a puff of smoke!
The fire elemental misses you.
You mangle the deep elf pyromancer!!
The deep elf pyromancer is severely wounded.
The fire elemental hits you. The fire elemental burns you!
The deep elf pyromancer casts a spell.
The deep elf pyromancer blinks!
The deep elf pyromancer casts a spell.
The deep elf pyromancer blinks!
The fire elemental closely misses you.
The deep elf pyromancer points at you and mumbles some strange words.
The bolt of fire hits you!!
* * * LOW HITPOINT WARNING * * *
The bolt of fire hits the fire elemental.
The fire elemental completely resists.
The deep elf pyromancer casts a spell.
As you read the scroll of fear, it crumbles to dust.
You assume a fearsome visage.
The fire elemental is unaffected. x3
The deep elf pyromancer resists with almost no effort.
The fire elemental disappears in a puff of smoke!
The fire elemental hits you. The fire elemental burns you!
* * * LOW HITPOINT WARNING * * *
The fire elemental hits you. The fire elemental burns you!
* * * LOW HITPOINT WARNING * * *
Unknown command.
As you read the scroll of torment, it crumbles to dust.
You feel a surge of unholy energy.
The deep elf pyromancer convulses!
The fire elemental hits you. The fire elemental burns you!
* * * LOW HITPOINT WARNING * * *
The deep elf pyromancer gestures at you while chanting.
The bolt of fire hits you!
You die...

.# #.. .# #.# .## #.###
..######...#######
...##....#.E○☼○..#
..###.#.###○####.#
.###.....#○°# #.#
.....#.#...#####.######
####...##[..°.°E@..eEE#
. ....###..#○.○§.####☼#
#####.# #..#.....# #.#
#..#.....# #.#
#.)#.....#
.###..#.....##
..........###
##......./.. #...°$E.#


You could see a deep elf pyromancer and 3 fire elementals.

Vanquished Creatures
  Gastronok (D:9)
  A frost giant (IceCv)
  Harold (D:8)
  3 boulder beetles (D:12)
  Erica (D:10)
  A centaur warrior (D:13)
  5 two-headed ogres
  A tengu warrior (D:13)
  6 death yaks (IceCv)
  4 ugly things
  A cyclops (D:13)
  Joseph (D:9)
  An elephant (D:11)
  A gargoyle (D:13)
  An ice statue (IceCv)
  6 rime drakes (IceCv)
  A komodo dragon (D:10)
  A tengu conjurer (D:13)
  2 trolls
  3 meliai (D:13)
  4 polar bears (IceCv)
  Grinder (D:3)
  The ghost of pokeman the Magician, an amateur DEWz (D:4)
  Sigmund (D:6)
  17 yaks
  A wraith (D:12)
  A wyvern (D:11)
  A basilisk (D:11)
  14 vampire mosquitoes
  2 steam dragons
  Grum (D:10)
  Duvessa (D:7)
  A warg (D:12)
  Edmund (D:5)
  2 water moccasins (D:5)
  A black bear (D:11)
  3 ice beasts
  A sky beast (D:7)
  A hornet zombie (D:9)
  7 orc warriors
  A necrophage (D:7)
  3 ogres
  13 wolves
  A phantom (D:5)
  7 centaurs
  3 lemures (D:4)
  3 kobold brigands
  2 bullfrogs
  3 scorpions
  Dowan (D:7)
  A wyvern skeleton (D:6)
  9 killer bees (D:9)
  8 wights
  8 howler monkeys
  2 centaur zombies
  3 jellies
  A centaur skeleton (D:6)
  A bullfrog skeleton (D:7)
  4 hounds
  An iron imp (D:12)
  2 gnoll shamans
  4 iguanas
  8 orc wizards
  A scorpion zombie (D:5)
  2 killer bee zombies
  A howler monkey zombie (D:6)
  7 gnolls
  3 adders
  3 white imps
  2 worms (D:2)
  28 orcs
  6 ball pythons
  4 endoplasms
  8 giant cockroaches
  7 goblins
  2 hobgoblins
  4 quokkas
  7 bats
  4 frilled lizards
  20 kobolds
  5 rats
307 creatures vanquished.

Vanquished Creatures (others)
  A kobold (D:7)
1 creature vanquished.

Grand Total: 308 creatures vanquished

Notes
Turn   | Place    | Note
-------+----------+-------------------------------------------
     0 | D:1      | HallandMoats the Ghoul Monk began the quest for the Orb.
     0 | D:1      | Reached XP level 1. HP: 19/19 MP: 0/0
   154 | D:1      | Reached XP level 2. HP: 26/26 MP: 1/1
   939 | D:2      | Reached XP level 3. HP: 33/33 MP: 2/2
  1464 | D:3      | Found Cihyzirima's Armour Shoppe.
  1591 | D:3      | Reached skill level 1 in Invocations
  1591 | D:3      | Reached XP level 4. HP: 39/40 MP: 3/3
  1613 | D:3      | Reached skill level 1 in Armour
  1856 | D:3      | Noticed Grinder
  1979 | D:3      | Noticed porpoise's ghost (amateur DsTm)
  2006 | D:3      | Found a runed translucent gate.
  2006 | D:3      | Found a runed translucent gate.
  2006 | D:3      | Found a runed translucent gate.
  2119 | D:3      | Found a faded altar of an unknown god.
  2411 | D:4      | Found a runed translucent door.
  2978 | D:4      | Noticed a lemure
  3026 | D:4      | Killed a lemure
  3205 | D:4      | Noticed a lemure
  3205 | D:4      | Noticed a lemure
  3234 | D:4      | Killed a lemure
  3248 | D:4      | Killed a lemure
  3423 | D:4      | Noticed Pikel
  3429 | D:4      | Noticed a lemure
  3785 | D:4      | Found Yteozog's Jewellery Shoppe.
  3951 | D:5      | Entered Level 5 of the Dungeon
  3978 | D:5      | Reached XP level 5. HP: 47/47 MP: 3/5
  4054 | D:5      | Reached XP level 6. HP: 11/53 MP: 6/6
  4791 | D:4      | Noticed pokeman's ghost (amateur DEWz)
  4951 | D:5      | Reached skill level 5 in Fighting
  4951 | D:5      | Reached skill level 5 in Unarmed Combat
  4982 | D:5      | Noticed a water moccasin
  5002 | D:5      | Killed a water moccasin
  5003 | D:5      | Reached XP level 7. HP: 30/61 MP: 7/7
  5416 | D:5      | Noticed Edmund
  5441 | D:5      | Killed Edmund
  5836 | D:5      | Reached XP level 8. HP: 70/70 MP: 9/9
  6185 | D:6      | Found a staircase to the Ecumenical Temple.
  6233 | Temple   | Entered the Ecumenical Temple
  6563 | Temple   | Became a worshipper of Warmaster Okawaru
  6563 | Temple   | Reached * piety under Okawaru
  6563 | Temple   | Reached ** piety under Okawaru
  7197 | D:6      | Noticed Sigmund
  7213 | D:6      | Killed Sigmund
  7570 | D:6      | Reached XP level 9. HP: 75/79 MP: 11/11
  7629 | D:6      | Reached *** piety under Okawaru
  7908 | D:3      | Killed Grinder
  7909 | D:3      | Reached skill level 5 in Dodging
  8023 | D:4      | Killed pokeman's ghost
  8218 | D:7      | Noticed Duvessa
  8218 | D:7      | Noticed Dowan
  8234 | D:7      | Killed Duvessa
  8235 | D:7      | Reached skill level 5 in Invocations
  8242 | D:7      | Killed Dowan
  8426 | D:7      | Found an ancient bone altar of Kikubaaqudgha.
  8434 | D:7      | Found a shadowy altar of Dithmenos.
  8481 | D:7      | Reached **** piety under Okawaru
  8516 | D:7      | Reached XP level 10. HP: 51/90 MP: 13/13
  9567 | D:8      | Noticed a two-headed ogre
  9578 | D:8      | Killed a two-headed ogre
  9578 | D:8      | Reached ***** piety under Okawaru
  9579 | D:8      | Reached skill level 5 in Armour
  9926 | D:8      | Noticed Harold
  9951 | D:8      | Killed Harold
  9952 | D:8      | Reached skill level 10 in Unarmed Combat
 10276 | D:8      | Found a blossoming altar of Fedhas.
 10375 | D:8      | Reached skill level 10 in Fighting
 10790 | D:9      | Noticed Joseph
 10805 | D:9      | Killed Joseph
 10806 | D:9      | Reached XP level 11. HP: 84/100 MP: 13/15
 10930 | D:9      | Noticed a two-headed ogre
 10932 | D:9      | Noticed Gastronok
 10939 | D:9      | Killed a two-headed ogre
 10954 | D:9      | Killed Gastronok
 10987 | D:9      | Noticed a two-headed ogre
 11000 | D:9      | Killed a two-headed ogre
 11000 | D:9      | Reached ****** piety under Okawaru
 11343 | D:9      | Found a burning altar of Makhleb.
 11350 | D:9      | Identified the +6 chain mail "Zalyemi" {Slay+3} (Okawaru
                  | gifted it to you on level 9 of the Dungeon)
 11350 | D:9      | Received a gift from Okawaru
 11994 | D:10     | Entered Level 10 of the Dungeon
 12231 | D:10     | Noticed Erica
 12245 | D:10     | Killed Erica
 12812 | D:10     | Noticed Grum
 12822 | D:10     | Killed Grum
 13075 | D:11     | Noticed a +0 falchion
 13075 | D:11     | Noticed a +0 falchion
 13075 | D:11     | Noticed a +0 short sword
 13076 | D:11     | Noticed a +0 dagger
 13076 | D:11     | Noticed a +0 short sword
 13077 | D:11     | Noticed a +0 dagger
 13077 | D:11     | Noticed a +0 spear
 13080 | D:11     | Found a hide-covered altar of Uskayaw.
 13080 | D:11     | Noticed a +0 spear
 13261 | D:11     | Noticed a two-headed ogre
 13269 | D:11     | Killed a two-headed ogre
 13270 | D:11     | Reached skill level 1 in Shields
 13270 | D:11     | Reached XP level 12. HP: 95/110 MP: 16/16
 13485 | D:11     | Found a staircase to the Lair.
 14375 | D:12     | Found a staircase to the Orcish Mines.
 14477 | D:12     | Noticed a boulder beetle
 14506 | D:12     | Killed a boulder beetle
 14681 | D:12     | Noticed a boulder beetle
 14713 | D:12     | Killed a boulder beetle
 14713 | D:12     | Received a gift from Okawaru
 15032 | D:12     | Found a snail-covered altar of Cheibriados.
 15195 | D:12     | Noticed a boulder beetle
 15214 | D:12     | Killed a boulder beetle
 15901 | D:13     | Noticed a tengu warrior
 15917 | D:13     | Killed a tengu warrior
 15970 | D:13     | Found a frozen archway.
 15977 | IceCv    | Entered an ice cave
 16034 | IceCv    | Noticed a death yak
 16063 | IceCv    | Killed a death yak
 16079 | IceCv    | Received a gift from Okawaru
 16337 | IceCv    | Noticed a death yak
 16339 | IceCv    | Noticed a death yak
 16352 | IceCv    | Killed a death yak
 16353 | IceCv    | Reached skill level 5 in Shields
 16359 | IceCv    | Killed a death yak
 16360 | IceCv    | Reached XP level 13. HP: 115/118 MP: 18/18
 16505 | IceCv    | Noticed a frost giant
 16526 | IceCv    | Killed a frost giant
 17772 | D:13     | HP: 3/119 [fire elemental[a deep elf pyromancer] (5)]
 17773 | D:13     | HP: 1/119 [fire elemental[a deep elf pyromancer] (2)]
 17773 | D:13     | Killed from afar by a deep elf pyromancer

Illustrated notes

Levels and vault maps discovered:
D:1:      lightli_molten_gateway, layout_basic, minmay_surrounded
D:2:      layout_basic
D:3:      layout_loops_ring, gammafunk_ghost_icy,
          hellmonk_ecumenical_altar_defaced_shrine, serial_shops, shop,
          uniq_grinder
D:4:      layout_layer_cave, serial_shops, nicolae_shop_hallway_stairs,
          ebering_ghost_reflecting_pool, uniq_pikel
D:5:      layout_rooms, uniq_edmund
D:6:      minmay_chambers_of_threes, layout_basic,
          minmay_temple_entry_overgrown, uniq_sigmund
D:7:      layout_basic, mainiacjoe_overflow_concentric_impassable,
          mainiacjoe_overflow_catwalk, uniq_duvessa
D:8:      layout_basic, fedhas_altar_fruit_tree, serial_aquarium,
          aquarium_bridge_long_separate [aquarium_subvault_bridge,
          aquarium_subvault_wall, aquarium_subvault_bridge,
          aquarium_subvault_bridge, aquarium_subvault_window,
          aquarium_subvault_wall], aquarium_window_1, aquarium_window_1,
          aquarium_window_corridor_1, aquarium_view_2b, aquarium_view_2b,
          aquarium_balcony_5a, serial_park_tiny_pond, uniq_harold
D:9:      layout_roguey, lemuel_round_altar, hellmonk_guarded_unrand_dark_maul,
          uniq_joseph, uniq_gastronok
D:10:     layout_loops_cross, uniq_grum, uniq_erica
D:11:     layout_layer_cave, david_lair_generic, hangedman_decor_growths,
          nicolae_uskayaw_en_pointe
D:12:     layout_roguey, david_orc_3, slow_altar_2
D:13:     layout_loops_ring, portal_ice_cave_entry_pillars_2
Temple:   dpeg_five_rooms_temple

Skill      XL: |  1  2  3  4  5  6  7  8  9 10 11 12 13 |
---------------+----------------------------------------+-----
Unarmed Combat | 4 5 6 7 8 10 11 12 | 12.9
Fighting       | 4 5 6 7 8 10 11 12 | 12.8
Dodging        | 3 4 5 6 7 8 |  8.5
Invocations    | 1 2 3 4 5 6 7 8 9 |  9.5
Armour         | 1 2 3 4 5 6 7 |  7.9
Shields        | 1 5 |  5.9
Stealth        | |  2.1

Action                   |  1- 3 |  4- 6 |  7- 9 | 10-12 | 13-15 || total
-------------------------+-------+-------+-------+-------+-------++-------
Melee: Unarmed           |   103 |   192 |   292 |   665 |   141 ||  1393
       Punch             |     3 |     8 |    16 |    72 |    14 ||   113
Invok: Heroism           |       |       |       |     5 |     2 ||     7
       Finesse           |       |       |       |     1 |     1 ||     2
Evoke: Wand              |       |       |       |     2 |     1 ||     3
  Use: Scroll            |       |     9 |       |     7 |     2 ||    18
       Potion            |       |     2 |       |     2 |       ||     4
 Stab: Sleeping          |     2 |     1 |     2 |       |       ||     5
Armor: Robe              |    20 |       |       |       |       ||    20
       Ring mail         |       |    43 |    78 |    46 |       ||   167
       Chain mail        |       |       |       |   305 |    93 ||   398
Dodge: Dodged            |    57 |    94 |   135 |   382 |    84 ||   752
Block: Other             |    23 |    35 |    54 |    54 |       ||   166
       Reflection        |       |       |     3 |     2 |       ||     5

Table legend: (Time is in decaauts)
 A = Elapsed time spent in this place.
 B = Non-inter-level travel time spent in this place.
 C = Inter-level travel time spent in this place.
 D = Time resting spent in this place.
 E = Time spent auto-exploring this place.
 F = Levels seen in this place.
 G = Mean time per level.
                   A        B        C        D        E       F      G
               +--------+--------+--------+--------+--------+-----+--------+
         Total |  17501 |  16880 |    621 |   1476 |  11900 |  15 | 1166.7 |
       Dungeon |  15831 |  15293 |    538 |   1385 |  10765 |  13 | 1217.8 |
        Temple |    382 |    299 |     83 |      0 |    288 |   1 |  382.0 |
      Ice Cave |   1287 |   1287 |      0 |     91 |    847 |   1 | 1287.0 |
               +--------+--------+--------+--------+--------+-----+--------+

Top non-repeatable levels by time:
     D:4: 2254 daAuts
    D:12: 1690 daAuts
     D:6: 1452 daAuts
     D:9: 1334 daAuts
     D:5: 1289 daAuts
   IceCv: 1287 daAuts
     D:8: 1249 daAuts
     D:3: 1180 daAuts
     D:7: 1110 daAuts
    D:11: 1066 daAuts
    D:10: 1053 daAuts
     D:1: 916 daAuts
     D:2: 678 daAuts
    D:13: 555 daAuts
  Temple: 382 daAuts
